[Event "Winter Paracin-GM 2019"]
[Site "Paracin"]
[Date "2019.02.03"]
[Round "5"]
[White "Lazic, Miroljub"]
[Black "Lajthajm, Borko"]
[Result "1/2-1/2"]
[ECO "A46"]
[WhiteElo "2458"]
[BlackElo "2431"]
[Annotator "ChessBase"]
[PlyCount "22"]
[EventDate "2019.01.31"]
[EventType "tourn"]
[EventCountry "SRB"]
[SourceTitle "playchess.com"]
[Source "ChessBase"]
[SourceQuality "1"]
[TimeControl "40/5400+30:900+30"]

1. d4 Nf6 2. Nf3 e6 3. e3 b6 4. Nbd2 Bb7 5. Bd3 d5 6. O-O Nbd7 7. Qe2 c5 8. c3 cxd4 9. exd4 Be7 10. Re1 Qc7 11. a4 a6 1/2-1/2

[Event "Winter Paracin-GM 2019"]
[Site "Paracin"]
[Date "2019.02.03"]
[Round "5"]
[White "Oglaza, Oskar"]
[Black "Raja Rithvik R"]
[Result "1-0"]
[ECO "C45"]
[WhiteElo "2320"]
[BlackElo "2431"]
[Annotator "NA RC"]
[PlyCount "117"]
[EventDate "2019.01.31"]
[EventType "tourn"]
[EventCountry "SRB"]
[SourceTitle "playchess.com"]
[Source "ChessBase"]
[SourceQuality "1"]
[TimeControl "40/5400+30:900+30"]

1. e4 e5 2. Nf3 Nc6 3. d4 exd4 4. Nxd4 Bc5 5. Nb3 Bb6 6. Nc3 Nf6 7. Qe2 {[%emt 0:00:21] C45: Scotch Game} O-O 8. Be3 (8. Bg5 Nd4 9. Qd2 Nxb3 10. axb3 h6 11. Be3 Bxe3 12. Qxe3 d5 13. O-O-O c6 14. exd5 cxd5 {1-0 (40) Amin,B (2686)-Safarli,E (2676) Hoogeveen 2018}) 8... d5 {[%emt 0:00:06] LiveBook: 17 Games} 9. O-O-O $1 d4 10. Bg5 Bg4 $146 ({Predecessor:} 10... h6 11. Bh4 Bg4 12. f3 Be6 {½-½ (60) Kudr,R (2272)-Cvak,R (2237) ICCF email 2014}) 11. f3 Be6 12. Kb1 h6 13. Bh4 Re8 14. Qe1 Qe7 ({Predecessor:} 14... a6) 15. Ne2 Bxb3 16. axb3 a5 17. Ng3 a4 18. Nf5 Qe5 19. Bc4 axb3 20. cxb3 Ra5 21. b4 Ra4 22. Bg3 Qxf5 23. exf5 $18 Rxe1 24. Bxe1 Ne7 25. Bb3 Ra8 26. g4 Ned5 27. Bf2 Ne3 28. Rd2 Re8 29. Re1 Kf8 30. Kc1 c5 31. bxc5 Ba5 32. Ree2 Bxd2+ 33. Rxd2 Re5 34. Rxd4 Rxc5+ 35. Kb1 Re5 36. Rb4 Nf1 37. Rxb7 Nd2+ 38. Kc2 Nxf3 39. Rxf7+ Ke8 40. Ba7 Re2+ 41. Kc3 Ne4+ 42. Kd3 Rxb2 43. Rb7 Kf8 44. Kxe4 Nd2+ 45. Kd3 Nxb3 46. Kc3 Rxh2 47. Kxb3 Rh3+ 48. Kc2 Rg3 49. Rb4 Kf7 50. Kd2 h5 51. Rb7+ Kf8 52. gxh5 Rg5 53. h6 gxh6 54. f6 Rf5 55. Bd4 h5 56. Rh7 Kg8 57. Rg7+ Kf8 58. Ke3 Ra5 59. Ke4 1-0